AoeStats
← AiM | CanvaL

Arena

510082570Analyzed
4v4 RM · 3d ago on Sep 29, 2026· 52m 4s· 8 players
Game mode
Random Map
Map size
Large (8 player)
Population
200
Speed
Normal
Resources
Standard
Victory
Conquest
Starting age
Dark Age
Ending age
Imperial Age
RankedLock teamsTeams togetherTeam positionsShared explorationLock speedFull tech treeHidden civsTurbo modeCheats
Victory
Defeat
🇧🇪 Turks · Belgium
1237
+16
🇫🇷 Gurjaras · France
1224
+16
🇧🇪 Khmer · Belgium
1223
+16
🇳🇴 Persians · Norway
1204
+17
🇨🇳 Hindustanis · China
1308
-19
🇨🇱 Mongols · Chile
1225
-16
🇬🇧 Lithuanians · United Kingdom
1213
-16
🇰🇷 Poles · South Korea
1172
-14
ZAGOR
3:04 Loom
11:21 Feudal Age
12:42 Double-Bit Axe
12:41 Horse Collar
15:09 Castle Age
17:32 Scale Barding Armor
17:38 Forging
18:27 Bow Saw
19:23 Bloodlines
19:13 Husbandry
20:03 Wheelbarrow
19:44 Gold Mining
21:58 Gold Shaft Mining
23:00 Town Watch
23:40 Chain Barding Armor
24:41 Iron Casting
24:04 Stone Mining
26:25 Stone Shaft Mining
26:41 Devotion
27:29 Heavy Plow
28:26 Hand Cart
31:07 Imperial Age
32:46 Crop Rotation
32:57 Plate Barding Armor
33:22 Blast Furnace
33:44 Conscription
33:28 Tusk Swords
33:30 Elite Battle Elephant
36:49 Hoardings
35:44 Sappers
36:29 Masonry
36:40 Ballistics
36:16 Murder Holes
36:13 Fletching
36:04 Light Cavalry
37:13 Bodkin Arrow
37:58 Bracer
38:32 Architecture
38:07 Siege Engineers
38:01 Hussar
40:26 Chemistry
40:17 Padded Archer Armor
43:08 Siege Engineers
44:44 Fortified Wall
46:22 Double Crossbow
46:14 Elite Ballista Elephant
49:51 Leather Archer Armor
Kim jong-un
10:53 Feudal Age
14:44 Castle Age
12:45 Double-Bit Axe
13:32 Horse Collar
14:09 Gold Mining
15:35 Bow Saw
16:58 Stone Mining
17:50 Heavy Plow
17:49 Loom
23:16 Bloodlines
24:00 Husbandry
24:55 Scale Barding Armor
25:33 Gold Shaft Mining
26:15 Wheelbarrow
25:47 Town Watch
27:51 Chain Barding Armor
27:42 Forging
31:35 Imperial Age
30:14 Stone Shaft Mining
30:56 Iron Casting
32:04 Heavy Camel Rider
33:16 Hand Cart
34:05 Plate Barding Armor
35:47 Crop Rotation
41:12 Conscription
41:23 Frontier Guards
42:37 Kshatriyas
44:03 Chemistry
48:07 Ballistics
48:08 Elite Chakram Thrower
48:57 Fletching
49:10 Padded Archer Armor
Noob
11:15 Feudal Age
14:48 Castle Age
12:57 Double-Bit Axe
12:54 Horse Collar
17:49 Loom
28:23 Imperial Age
26:30 Wheelbarrow
26:19 Heavy Plow
26:41 Scale Barding Armor
26:49 Forging
27:43 Bow Saw
27:27 Gold Mining
29:05 Gold Shaft Mining
28:21 Stone Mining
29:09 Iron Casting
28:20 Pikeman
29:02 Squires
29:35 Scale Mail Armor
29:36 Halberdier
31:18 Blast Furnace
32:08 Chain Mail Armor
33:08 Conscription
33:45 Plate Mail Armor
33:31 Scale Barding Armor
34:15 Elite War Elephant
35:54 Chain Barding Armor
35:54 Bloodlines
35:45 Husbandry
36:12 Fletching
37:56 Plate Barding Armor
40:04 Light Cavalry
45:41 Bodkin Arrow
46:34 Ballistics
47:15 Chemistry
NEH
10:54 Feudal Age
12:38 Double-Bit Axe
13:03 Horse Collar
15:37 Castle Age
17:40 Bow Saw
22:33 Fervor
22:43 Sanctity
24:33 Atonement
25:44 Gold Mining
28:18 Stone Mining
28:41 Heavy Plow
29:35 Redemption
32:09 Wheelbarrow
33:09 Scale Barding Armor
36:55 Imperial Age
34:55 Hand Cart
35:09 Town Watch
37:10 Fletching
38:23 Bombard Tower
37:59 Bodkin Arrow
38:57 Fortified Wall
39:02 Murder Holes
39:21 Bracer
39:43 Conscription
40:49 Arrowslits
45:57 Loom
52:28 Gold Shaft Mining
AiM | CanvaL
9:01 Feudal Age
12:53 Castle Age
11:19 Double-Bit Axe
11:30 Loom
13:01 Scale Barding Armor
14:12 Bloodlines
20:38 Devotion
21:59 Light Cavalry
31:55 Stone Mining
31:55 Gold Mining
34:38 Chain Barding Armor
34:29 Forging
RARRY
10:20 Feudal Age
14:14 Castle Age
12:24 Double-Bit Axe
13:13 Horse Collar
16:42 Wheelbarrow
17:23 Heavy Plow
19:43 Bow Saw
20:17 Stone Mining
23:27 Hand Cart
23:57 Gold Mining
28:52 Imperial Age
26:38 Scale Barding Armor
26:43 Forging
27:26 Pikeman
28:07 Squires
28:18 Szlachta Privileges
28:47 Chain Barding Armor
29:03 Iron Casting
28:20 Fletching
28:30 Padded Archer Armor
27:53 Light Cavalry
28:44 Bloodlines
28:53 Husbandry
29:39 Bodkin Arrow
29:07 Cavalier
29:08 Winged Hussar
30:40 Conscription
31:05 Crop Rotation
33:06 Blast Furnace
32:07 Bracer
33:10 Chemistry
33:26 Lechitic Legacy
33:49 Scale Mail Armor
37:41 Chain Mail Armor
37:41 Leather Archer Armor
38:55 Plate Mail Armor
38:40 Leather Archer Armor
39:21 Fervor
39:31 Sanctity
39:01 Elite Obuch
41:52 Town Watch
43:16 Siege Engineers
国产男子汉
10:09 Feudal Age
8:49 Loom
14:02 Castle Age
12:22 Double-Bit Axe
12:47 Horse Collar
16:52 Wheelbarrow
25:21 Imperial Age
23:16 Hand Cart
23:43 Bow Saw
23:26 Gold Mining
23:43 Heavy Plow
24:21 Loom
24:52 Town Watch
26:33 Conscription
26:24 Forging
26:20 Scale Barding Armor
27:12 Husbandry
27:22 Bloodlines
26:33 Heavy Camel Rider
28:22 Gold Shaft Mining
32:40 Iron Casting
32:33 Stone Mining
33:49 Chemistry
33:24 Ballistics
34:55 Blast Furnace
35:48 Chain Barding Armor
35:29 Padded Archer Armor
35:47 Masonry
37:12 Plate Barding Armor
39:02 Stone Mining
38:41 Imperial Camel Rider
39:37 Leather Archer Armor
42:28 Ring Archer Armor
4Tapping
10:05 Feudal Age
14:19 Castle Age
13:44 Double-Bit Axe
13:40 Horse Collar
20:51 Wheelbarrow
20:04 Loom
25:30 Hand Cart
26:08 Bow Saw
28:37 Imperial Age
26:54 Heavy Plow
27:43 Stone Mining
27:45 Gold Mining
28:20 Forging
28:16 Scale Barding Armor
29:12 Stone Shaft Mining
30:08 Iron Casting
30:15 Chain Barding Armor
30:59 Two-Man Saw
30:41 Bloodlines
30:32 Husbandry
30:28 Elite Leitis
31:28 Conscription
33:27 Plate Barding Armor
33:38 Pikeman
34:18 Squires
34:04 Arson
34:20 Scale Mail Armor
35:02 Tower Shields
35:29 Chain Mail Armor
34:50 Halberdier
38:02 Caravan
38:33 Coinage
38:13 Guilds
38:28 Town Watch
42:02 Hoardings
42:33 Chemistry
41:53 Ballistics
41:29 Murder Holes
41:46 Fortified Wall
45:33 Crop Rotation
45:24 Bombard Tower
47:40 Fletching
51:32 Bodkin Arrow
51:51 Masonry
Connection lost

Rejoining the realm…

Still unreachable

The connection could not be restored.

Session expired

The server has moved on; the page needs a fresh start.